 Dungeon Crawl Stone Soup version 0.21.1-1-g345015f (webtiles) character file.

98 Mirai the Magician (level 4, -1/24 HPs)
             Began as a Deep Elf Conjurer on Mar 28, 2018.
             Killed by divine providence
             ... invoked by an orc priest
              (13 damage)
             ... on level 3 of the Dungeon.
             The game lasted 00:03:58 (1743 turns).

Mirai the Magician (Deep Elf Conjurer)              Turns: 1743, Time: 00:03:59

Health: -1/24      AC:  2    Str:  5    XL:     4   Next: 44%
Magic:  10/14      EV: 13    Int: 21    God:
Gold:   97         SH:  0    Dex: 15    Spells: 12/15 levels left

rFire    . . .     SeeInvis .   g - -1 dagger (curse)
rCold    + . .     Gourm    .   (no shield)
rNeg     . . .     Faith    .   a - +0 robe
rPois    .         Spirit   .   (no helmet)
rElec    .         Reflect  .   (no cloak)
rCorr    .         Harm     .   (no gloves)
MR       .....                  (no boots)
Stlth    ++........             (no amulet)
HPRegen  0.08/turn              h - ring of protection from cold
MPRegen  0.14/turn              (no ring)

@: no status effects
A: no striking features
a: no special abilities


You were on level 3 of the Dungeon.
You were not hungry.

You visited 1 branch of the dungeon, and saw 3 of its levels.

You collected 97 gold pieces.

Inventory:

Hand Weapons
 g - a cursed -1 dagger (weapon)
Missiles
 l - 5 javelins of penetration (quivered)
Armour
 a - a +0 robe (worn)
Jewellery
 h - a ring of protection from cold (left hand)
Scrolls
 e - 2 scrolls of remove curse {unknown}
 f - a scroll of enchant armour {unknown}
 i - 5 scrolls of identify {unknown}
 j - a scroll of amnesia {unknown}
 k - 2 scrolls of teleportation {unknown}
Books
 b - a book of Conjurations

   Spells                             Type                      Level
   a - Magic Dart                     Conjuration                  1
   b - Searing Ray                    Conjuration                  2
   c - Dazzling Spray                 Conjuration/Hexes            3
   d - Fulminant Prism                Conjuration/Hexes            4
   e - Force Lance                    Conjuration/Translocation    4
   f - Iskenderun's Mystic Blast      Conjuration                  4
Comestibles
 c - 6 rations
 d - 5 chunks of flesh


   Skills:
 - Level 2.4 Dodging
 - Level 2.4 Stealth
 + Level 6.4 Spellcasting
 - Level 4.3 Conjurations


You had 12 spell levels left.
You knew the following spells:

 Your Spells              Type           Power        Failure   Level  Hunger
a - Magic Dart            Conj           ####         1%          1    None
b - Searing Ray           Conj           ####..       2%          2    None


Dungeon Overview and Level Annotations

Branches:
Dungeon (3/15)

Altars:
Sif Muna


Message History

Aim: an orc priest, wielding a short sword and wearing a scale mail The searing ray misses the orc.
The searing ray hits the orc wizard.
The orc wizard is moderately wounded. (Press . to maintain the ray.)
The adder barely misses you.
The orc wizard gestures wildly while chanting.
The orc wizard seems to speed up.
The searing ray hits the orc.
The orc is moderately wounded.
The orc wizard gestures at you while chanting.
The puff of flame hits you!
Ouch! That really hurt!
The adder barely misses you.
The searing ray hits the orc wizard.
The orc wizard is almost dead.
The orc barely misses you.
The orc priest invokes the aid of Beogh against you.
Beogh smites you!
Ouch! That really hurt!
You die...

#.# #.# #.#
#.# #.# #.#
#.#
.######%######
......S@o.ooo#
#######o####.#
#.# #.# #.#
#######.####.#
#............#
#.#####.######
###.##........


You could see an orc priest, 2 orc wizards, an adder and 2 orcs.

Vanquished Creatures
  Jessica (D:2)
  Terence (D:2)
  2 worms (D:2)
  A dart slug (D:1)
  A leopard gecko (D:2)
  4 giant cockroaches (D:1)
  6 goblins
  5 hobgoblins (D:1)
  A quokka (D:2)
  7 bats
  4 kobolds
  3 rats
36 creatures vanquished.

Notes
Turn   | Place    | Note
-------+----------+-------------------------------------------
     0 | D:1      | Mirai the Deep Elf Conjurer began the quest for the Orb.
     0 | D:1      | Reached XP level 1. HP: 10/10 MP: 6/6
   392 | D:1      | Reached skill level 4 in Spellcasting
   392 | D:1      | Reached XP level 2. HP: 15/15 MP: 6/9
   596 | D:1      | Learned a level 2 spell: Searing Ray
   963 | D:2      | Reached XP level 3. HP: 19/19 MP: 8/11
   967 | D:2      | Reached skill level 5 in Spellcasting
  1278 | D:2      | Found a deep blue altar of Sif Muna.
  1343 | D:2      | Noticed Terence
  1344 | D:2      | Noticed Jessica
  1354 | D:2      | Killed Terence
  1354 | D:2      | Reached skill level 6 in Spellcasting
  1354 | D:2      | Reached XP level 4. HP: 23/24 MP: 2/14
  1612 | D:2      | Killed Jessica
  1743 | D:3      | Killed from afar by an orc priest

Skill      XL: |  1  2  3 |
---------------+----------+-----
Spellcasting   | 4 6 |  6.4
Dodging        | |  2.4
Stealth        | |  2.4
Conjurations   | |  4.3

Action                   |  1- 3 |  4- 6 || total
-------------------------+-------+-------++-------
Melee: Unarmed           |     3 |       ||     3
       Dagger            |     1 |     4 ||     5
 Cast: Magic Dart        |    53 |     6 ||    59
       Searing Ray       |     6 |     3 ||     9
  Use: Potion            |       |     1 ||     1
  Eat: Chunk             |     1 |     1 ||     2
Armor: Robe              |     3 |     1 ||     4
Dodge: Dodged            |    15 |     7 ||    22
